Map: Lerilak Crest

Players

Armadillo

  • Race: Zerg Zerg
  • League: Bronze

juhyg - Winner!

  • Race: Zerg Zerg

VOD

Have the link to the VOD?

Description

Time

  • Played on: Feb. 4, 2016, 7:05 p.m.
  • Length: 7:29
Show
View Real Time Build Order
Export as new Build Order

Armadillo Zerg 

Build Orders: Pool First 

Get SALT Encoding   

  12  0:19  Spawning Pool  
  11  0:27  Drone  
  13  0:28  Drone  
  13  0:35  Overlord  
  13  0:56  Drone x2, Extractor  
  14  1:08  Zergling x2  
  14  1:10  Queen  
  17  1:11  Zergling x2  
  18  1:29  Zergling x2  
  19  1:33  Overlord  
  19  1:53  Hatchery  
  18  1:59  Metabolic Boost  
  18  2:06  Extractor  
  17  2:11  Drone  
  17  2:13  Drone  
  19  2:18  Drone  
  20  3:17  Zergling x8  
  21  3:23  Drone x2  
  21  3:24  Queen  
  25  3:32  Queen  
  27  3:54  Zergling x6  
  23  4:03  Zergling x10  
  24  4:59  Queen  
  21  5:01  Drone x3  
  21  5:29  Drone x3  
  24  5:35  Roach Warren  
  23  5:43  Queen  
  25  5:57  Zergling x4  
  27  6:28  Roach  
  27  6:29  Roach x3  
  27  6:32  Overlord x2  
  35  6:51  Roach x2  
  35  6:52  Roach  
  41  6:56  Overlord  
  41  7:00  Drone  
  41  7:01  Drone  
Show
View Real Time Build Order
Export as new Build Order

juhyg Zerg - Winner!

Build Orders: Pool First 

Get SALT Encoding   

  12  0:18  Spawning Pool  
  11  0:21  Drone  
  12  0:31  Overlord  
  12  0:36  Drone  
  12  0:41  Drone  
  14  0:50  Drone  
  15  1:04  Drone  
  15  1:05  Queen  
  15  1:10  Zergling x2  
  19  1:22  Drone, Extractor  
  19  1:29  Zergling x2  
  20  1:37  Roach Warren  
  20  1:39  Drone  
  20  1:49  Drone  
  21  1:59  Zergling x2  
  22  2:11  Overlord  
  22  2:14  Overlord  
  22  2:48  Zergling x6  
  25  2:54  Zergling x6  
  28  3:18  Roach x2  
  32  3:29  Roach x3  
  34  4:24  Roach x3  
  35  4:39  Hatchery  
  34  4:51  Zergling x4  
  28  5:14  Roach x3  
  28  5:15  Roach  
  38  5:21  Roach  
  36  5:33  Hatchery  
  35  5:45  Roach  
  35  5:46  Overlord  
  37  5:54  Metabolic Boost  
  37  5:57  Queen  
  37  5:59  Roach x2  
  37  6:01  Zergling x2, Overlord  
  44  6:08  Roach  
  44  6:09  Roach  
  48  6:16  Roach x2  
  52  6:22  Drone x3  
  52  6:25  Overlord  
  55  6:39  Roach x2  
  59  6:55  Drone x5  
  59  6:56  Drone  
Tags
 
Add a new tag
Caveats
  • Supply blocks, unpowered buildings, or Contaminate may cause inaccurate times.
  • Supply counts are checked every 10 seconds.